Cogmind - Beta 16.1 @@@ ROGUE MODE // 2026.04.24 @ 20:32:33 Player: Pitifulpancake Result: Destroyed by Y-45 Defender with Heavy Assault Rifle Performance ------------- Evolutions (0) 0 Regions Visited (4) 800 Robots Destroyed (40) 200 Value Destroyed (1005) 1005 Prototype IDs (2) 40 Alien Tech Used (0) 0 Bonus (159) 159 TOTAL SCORE: 2204 Bonus ------- Follower Combat Kills 159 Cogmind --------- Core Integrity 0/250 Matter 193/300 Energy 22/100 System Corruption 1% Temperature Cool (9) Movement Core (450) Ox8 Location -9/Recycling Parts ------- > --- POWER (1) -------- (None) > --- PROPULSION (2) --- (None) > --- UTILITY (2) ------ Cooling System Large Storage Unit > --- WEAPON (2) ------- Light Cannon > --- INVENTORY (15) --- Ion Engine Light Treads Spiked Treads Sensor Array Medium Armor Plating Medium Armor Plating Medium Armor Plating Assault Rifle Grenade Launcher Dirty Datajack (18) Mining Laser Maul Peak State ------------ > --- POWER ------------ Light Deuterium Engine > --- PROPULSION ------- Compact Wheel Compact Wheel > --- UTILITY ---------- Large Storage Unit Medium Armor Plating > --- WEAPON ----------- Beamcaster Dirty Datajack > --- INVENTORY -------- Ion Engine Light Treads Spiked Treads Cooling System Sensor Array Medium Armor Plating Medium Armor Plating EM Pulse Gun Assault Rifle Battle Rifle Light Cannon Grenade Launcher Mining Laser Maul [Rating: 21] Favorites ----------- Power Ion Engine Engine Ion Engine Propulsion Light Treads Treads Light Treads Leg Aluminum Leg Wheel Compact Wheel Hover Unit Hover Unit Utility Large Storage Unit Device Sensor Array Storage Large Storage Unit Protection Medium Armor Plating Weapon EM Pulse Gun Energy Gun EM Pulse Gun Ballistic Gun Assault Rifle Ballistic Cannon Light Cannon Special Weapon Mining Laser Special Melee Weapon Dirty Datajack Build | -11 -10 -10 -10 -9 ------- Run | Yrd Mat Min Sub Rec Slots Evolved . | . . . . . Power . | . . . . . Propulsion . | . . . . . Utility . | . . . . . Weapon . | . . . . . Parts Attached 33 | 7 10 4 5 7 Power 3 | 1 . . 1 1 Engine 3 | 1 . . 1 1 Core . | . . . . . Reactor . | . . . . . Propulsion 9 | 2 5 . . 2 Treads 2 | 2 . . . . Leg 2 | . 2 . . . Wheel 2 | . . . . 2 Hover 3 | . 3 . . . Flight . | . . . . . Utility 9 | 2 5 . . 2 Device 3 | 1 1 . . 1 Storage 3 | 1 2 . . . Processor . | . . . . . Hackware . | . . . . . Protection 3 | . 2 . . 1 Artifact . | . . . . . Weapon 12 | 2 . 4 4 2 Energy Gun 2 | . . 1 1 . Energy Cannon . | . . . . . Ballistic Gun 5 | 2 . 1 2 . Ballistic Cannon 2 | . . 1 . 1 Launcher . | . . . . . Special Weapon 1 | . . . 1 . Impact Weapon . | . . . . . Slashing Weapon . | . . . . . Piercing Weapon . | . . . . . Special Melee Weapon 2 | . . 1 . 1 Unidentified Prototypes . | . . . . . Parts Lost 8 | . . . 1 7 Power 2 | . . . 1 1 Propulsion 2 | . . . . 2 Utility 1 | . . . . 1 Weapon 3 | . . . . 3 Highest Loss Streak 6 | . . . 1 6 To Critical Strikes . | . . . . . Average Backups 12 | 3 7 14 14 13 Power . | . 1 1 . . Propulsion 1 | 1 2 1 1 2 Utility 4 | . 2 6 5 4 Weapon 4 | . 1 5 6 5 Tool/Special . | . . . . . Unused Backups 9 | . 2 1 . 6 Power . | . . . . . Propulsion 4 | . 1 1 . 2 Utility 2 | . . . . 2 Weapon 3 | . 1 . . 2 Tool/Special . | . . . . . Average Slot Usage (%) 98 | . 99 100 98 95 Engine 13 | . 14 14 12 11 Treads 24 | . 22 23 28 17 Hover 1 | . 2 4 . . Device 1 | . 3 . . 1 Storage 14 | . 15 14 14 14 Protection 12 | . 8 14 14 12 Energy Gun 10 | . . 13 13 14 Ballistic Gun 12 | . 28 1 11 12 Ballistic Cannon 5 | . . 13 2 . Peak Build Rating 21 | 7 10 10 15 21 Average Rating 11 | 5 7 9 13 15 On Entrance 8 | . 7 10 10 15 Avg Prop Armor Cover (%) 8 | . . . . 8 Naked Turns . | . . . . . Heaviest Build 41 | 14 35 37 41 39 Greatest Support 40 | 40 40 40 40 40 Greatest Overweight (x) 9 | 2 9 3 1 2 Average Overweight (x) . | . . . . . Largest Inventory Capacity 15 | 8 15 15 15 15 Average Capacity 14 | 7 14 15 15 15 Most Carried 15 | 5 15 15 15 14 Average Carried 12 | 3 7 14 14 13 Final Capacity 15 | 8 15 15 15 15 Final Carried 15 | 5 15 15 14 12 Class Distribution -------------------- 94% | Mutant 3% | Commander-Mutant Dominant Class ---------------- Mutant | -10/Materials Mutant | -10/Mines Mutant | -10/Subcaves Commander-Mutant | -9/Recycling Resources | -11 -10 -10 -10 -9 ----------- Run | Yrd Mat Min Sub Rec Matter Collected 954 | 310 216 168 137 123 Remotely 32 | 32 . . . . Salvage Created 1528 | 102 198 199 422 607 Parts 70 | 7 12 12 14 25 Haulers Intercepted 1 | . 1 . . . Recyclers Shooed . | . . . . . Parts Field Recycled . | . . . . . Retrieved Matter . | . . . . . Parts Self-Destructed 20 | . . . 20 . Prevented . | . . . . . Parts Restored . | . . . . . Kills | -11 -10 -10 -10 -9 ------- Run | Yrd Mat Min Sub Rec Combat Hostiles Destroyed 28 | . 2 7 11 8 Guns 22 | . 2 2 10 8 Cannons 6 | . . 5 1 . Classes Destroyed 11 | 2 3 1 2 3 Worker 3 | 2 1 . . . Builder 1 | . 1 . . . Hauler 1 | . 1 . . . Recycler 5 | 1 1 1 . 2 Turret 2 | . . . 2 . Swarmer 9 | . . 5 4 . Grunt 8 | . 2 2 2 2 Duelist 1 | . . . . 1 Sentry 2 | . . . . 2 Programmer 3 | . . . . 3 Subdweller 5 | . . . 5 . Best Kill Streak 6 | 3 4 3 3 6 Combat Bots Only 6 | . 1 3 3 6 Max Kills in Single Turn 2 | 1 1 1 2 2 Gunslinging 1 | . . . 1 1 Exploded . | . . . . . Melee . | . . . . . Uniques/NPCs Destroyed . | . . . . . Combat | -11 -10 -10 -10 -9 -------- Run | Yrd Mat Min Sub Rec Hostile Shots Fired 170 | . 15 27 74 54 Missed 43 | . 4 5 29 5 Hits 127 | . 11 22 45 49 Melee 1 | . . . . 1 Projectile 126 | . 11 22 45 48 AOE 4 | . . . . 4 Critical Strikes 6 | . . . 1 5 Damage Taken 1517 | . 122 211 368 816 Core 251 | . 11 9 66 165 Absorbed by Shields . | . . . . . Redirected to Shielding 9 | . 9 . . . Core Remaining (%) 100 | 100 . . . . Volleys Fired 123 | 10 26 17 34 36 Largest 2 | 2 2 2 2 2 Hottest 115 | 40 40 70 105 115 Shots Fired 229 | 20 52 34 65 58 Gun 196 | 20 52 17 59 48 Cannon 30 | . . 17 3 10 Launcher . | . . . . . Special 3 | . . . 3 . Kinetic 153 | 20 52 17 31 33 Thermal 55 | . . . 31 24 Explosive . | . . . . . Electromagnetic 21 | . . 17 3 1 Robot Hit Streak 12 | 3 9 11 11 12 Robot Miss Streak 3 | 2 3 3 3 3 Penetration Max . | . . . . . Secondary Targets 4 | . . . 1 3 Max Gunslinging Chain 1 | . . . 1 1 Shots Hit Robots 144 | 10 34 24 38 38 Core Hits 60 | 4 12 11 17 16 Critical Kills 1 | . . . 1 . Critical Parts Destroyed 2 | . 1 . . 1 Critical Strikes 10 | . 1 1 4 4 Burn 6 | . . . 3 3 Destroy 3 | . 1 . 1 1 Corrupt 1 | . . 1 . . Melee Attacks 4 | . . 2 . 2 Impact . | . . . . . Slashing . | . . . . . Piercing 2 | . . . . 2 Sneak Attacks 3 | . . 2 . 1 Combat Hostiles . | . . . . . Follow-up Attacks . | . . . . . Damage Inflicted 2202 | 104 339 341 738 680 Guns 1782 | 104 335 126 719 498 Cannons 398 | . . 215 19 164 Explosions . | . . . . . Melee 5 | . . . . 5 Ramming 17 | . 4 . . 13 Kinetic 1323 | 104 335 215 324 345 Thermal 709 | . . . 403 306 Explosive . | . . . . . Electromagnetic 148 | . . 126 11 11 Impact . | . . . . . Slashing . | . . . . . Piercing 5 | . . . . 5 Highest Corruption 1 | . . . . 1 Average Corruption 1 | . . . . 1 Corruption Purged . | . . . . . Corruption Blocked . | . . . . . Overload Shots . | . . . . . Overflow Damage . | . . . . . Projectiles . | . . . . . Explosions . | . . . . . Melee . | . . . . . Knockbacks 2 | . . 2 . . Impact . | . . . . . Kinetic 1 | . . 1 . . Secondary 1 | . . 1 . . Self-Inflicted Damage . | . . . . . Shots . | . . . . . Rammed 2 | . 1 . . 1 Targets Rammed 3 | . 2 . . 1 Kicked . | . . . . . Crushed 1 | . 1 . . . Highest Temperature 428 | . 6 129 70 428 Average Temperature 96 | . 6 54 22 155 Received Heat Transfer 501 | . 66 54 165 216 Effects 3 | . . . . 3 Energy Bleed 2 | . . . . 2 Matter Decay 1 | . . . . 1 Siege Activations . | . . . . . Martial Activations . | . . . . . Shielding Activations . | . . . . . Robots Disrupted . | . . . . . Combat Hostiles . | . . . . . Robots Corrupted . | . . . . . Combat Hostiles . | . . . . . Parts Fried . | . . . . . Impact Corruptions . | . . . . . Robots Melted . | . . . . . Combat Hostiles . | . . . . . Parts Melted 5 | . . . 3 2 Heat Transferred 1619 | . . . 925 694 Parts Sabotaged . | . . . . . Parts Stolen . | . . . . . Parts Stripped . | . . . . . Power Chain Reactions . | . . . . . Alert | -11 -10 -10 -10 -9 ------- Run | Yrd Mat Min Sub Rec Maximum Alert Level . | . . . . . Low Security (%) 100 | 100 100 100 . 100 Level 1 . | . . . . . Level 2 . | . . . . . Level 3 . | . . . . . Level 4 . | . . . . . Level 5 . | . . . . . High Security . | . . . . . Max Security . | . . . . . Peak Influence 99 | 5 30 60 . 99 Initial 73 | . 3 . . 73 Average 11 | . 2 8 . 43 Influence Increases 818 | 15 72 175 354 202 Destroy 0b10 Robot/C 600 | . 40 140 240 180 Destroy 0b10 Robot/NC 55 | 15 20 5 . 15 Destroy Leader 62 | . 12 30 20 . Allied During Kill 23 | . . . 19 4 Destroy Structure 3 | . . . . 3 Lose Combat Pursuer 75 | . . . 75 . Influence Decreases 793 | 10 77 175 201 330 Entered New Map 82 | . 2 . . 80 Time Decay 571 | 10 75 175 161 150 Lost Part 70 | . . . . 70 Lost Ally 70 | . . . 40 30 Squads Dispatched 1 | . 1 . . . Investigation 1 | . 1 . . . Extermination . | . . . . . Reinforcement . | . . . . . Assault . | . . . . . Garrison . | . . . . . Intercept . | . . . . . Searches Triggered . | . . . . . Construction Impeded . | . . . . . Haulers Reinforced . | . . . . . Active Scanning Responses . | . . . . . Cargo Convoy Interrupts . | . . . . . Stealth | -11 -10 -10 -10 -9 --------- Run | Yrd Mat Min Sub Rec Distress Signals 2 | . 1 1 . . Communications Jammed . | . . . . . Distress Signals . | . . . . . Times Spotted 46 | . 7 9 19 11 Peak Tracking Total 8 | . 2 2 4 8 Tactical Retreats 3 | . . . 3 . Traps | -11 -10 -10 -10 -9 ------- Run | Yrd Mat Min Sub Rec Traps Triggered 2 | . 2 . . . Indirectly . | . . . . . Trap Hack Attempts . | . . . . . Triggered . | . . . . . Disarmed . | . . . . . Reprogrammed . | . . . . . Reused . | . . . . . Traps Extracted . | . . . . . Installed . | . . . . . Triggered . | . . . . . Machines | -11 -10 -10 -10 -9 ---------- Run | Yrd Mat Min Sub Rec Machines Disabled 2 | . . . 2 . Max in Single Turn 1 | . . . 1 . Machines Repaired . | . . . . . Machines Dismantled . | . . . . . Machines Sabotaged . | . . . . . Overloaded Fab Kills . | . . . . . Hacking | -11 -10 -10 -10 -9 --------- Run | Yrd Mat Min Sub Rec Machines Accessed 4 | . 4 . . . Terminals 3 | . 3 . . . Fabricators . | . . . . . Repair Stations . | . . . . . Recycling Units 1 | . 1 . . . Scanalyzers . | . . . . . Garrison Access . | . . . . . Total Hacks 14 | . 14 . . . Successful 9 | . 9 . . . Failed 5 | . 5 . . . Catastrophic . | . . . . . Database Lockouts . | . . . . . Manual 3 | . 3 . . . Terminals 10 | . 10 . . . Fabricators . | . . . . . Repair Stations . | . . . . . Recycling Units 4 | . 4 . . . Scanalyzers . | . . . . . Garrison Access . | . . . . . Terminal Hacks 7 | . 7 . . . Prototype ID Bank 1 | . 1 . . . Alert Level 1 | . 1 . . . Locate Traps 1 | . 1 . . . Dispatch Records 2 | . 2 . . . Zone Layout 2 | . 2 . . . Fabricator Hacks . | . . . . . Repair Station Hacks . | . . . . . Recycling Unit Hacks 2 | . 2 . . . Report Inventory 1 | . 1 . . . Retrieve Components 1 | . 1 . . . Scanalyzer . | . . . . . Garrison Access Hacks . | . . . . . Unauthorized Hacks . | . . . . . Terminals . | . . . . . Fabricators . | . . . . . Repair Stations . | . . . . . Recycling Units . | . . . . . Scanalyzers . | . . . . . Garrison Access . | . . . . . Data Cores Recovered . | . . . . . Used . | . . . . . Hacking Detections 4 | . 4 . . . Full Trace Events 1 | . 1 . . . Feedback Events . | . . . . . Feedback Blocked . | . . . . . Robot Schematics Acquired . | . . . . . Robots Built . | . . . . . Authchips . | . . . . . Time . | . . . . . Total Robot Build Rating . | . . . . . Part Schematics Acquired . | . . . . . Parts Built . | . . . . . Authchips . | . . . . . Time . | . . . . . Total Part Build Rating . | . . . . . Part Studies Acquired . | . . . . . Parts Repaired . | . . . . . Time . | . . . . . Parts Recycled . | . . . . . Recycled Matter . | . . . . . Retrieved Matter . | . . . . . Retrieved Components 1 | . 1 . . . Parts Scanalyzed . | . . . . . Part Schematics Acquired . | . . . . . Parts Damaged . | . . . . . Bothacking | -11 -10 -10 -10 -9 ------------ Run | Yrd Mat Min Sub Rec Used RIF Installer . | . . . . . Robots Hacked 1 | . . 1 . . Non-combat . | . . . . . Combat 1 | . . 1 . . Robot Hacks Applied 1 | . . 1 . . parse_system 1 | . . 1 . . Relay Couplers Released . | . . . . . Fabnet Peak Effective % . | . . . . . Robots Rewired 4 | . . . . 4 Allies Hacked . | . . . . . Hacks Repelled . | . . . . . Allies | -11 -10 -10 -10 -9 -------- Run | Yrd Mat Min Sub Rec Total Allies 7 | . . 3 . 4 Largest Group 4 | . . 3 3 4 Highest-Rated Group 49 | . . 40 40 49 Highest-Rated Ally 21 | . . 16 16 21 Total Orders . | . . . . . Ally Attacks 64 | . . . 56 8 Total Damage 760 | . . . 583 177 Kills 7 | . . . 6 1 Allies Corrupted . | . . . . . Allies Melted . | . . . . . Intel | -11 -10 -10 -10 -9 ------- Run | Yrd Mat Min Sub Rec Active Infowar (turns) 223 | . 223 . . . Sensors 223 | . 223 . . . Robot Analysis Total . | . . . . . Derelict Logs Recovered 3 | . . 2 1 . Drone Launches . | . . . . . Drone Recoveries . | . . . . . Exploration | -11 -10 -10 -10 -9 ------------- Run | Yrd Mat Min Sub Rec Turns Passed 3471 | 131 771 1073 1164 332 Spaces Moved 1734 | 57 366 581 596 134 Core 6 | 3 3 . . . Treads 1539 | 54 295 521 596 73 Legs 29 | . 29 . . . Wheels 61 | . . . . 61 Hover 99 | . 39 60 . . Flight . | . . . . . Fastest Speed 50 | 50 160 160 160 115 Average Speed 167 | 155 167 166 174 142 Slowest Speed 500 | 160 500 236 240 160 Overloaded Moves . | . . . . . Propulsion Burnouts . | . . . . . Robots Hopped . | . . . . . Potential Cave-ins . | . . . . . Cave-ins Triggered . | . . . . . Exploration Rate (%) 45 | 4 54 92 53 26 Regions Visited 4 Branch Regions 3 Pre-discovered Areas 1 | . . 1 . . Known Exits Taken . | . . . . . Unknown Exits Taken 4 | 1 1 1 1 . Scrap Searched 3 | . . 1 2 . Spaces Dug . | . . . . . Terrain Destroyed 1 | . . . . 1 Melee . | . . . . . Projectile 1 | . . . . 1 AOE . | . . . . . Terrain Rammed . | . . . . . Walls Destroyed . | . . . . . Machines Disabled . | . . . . . Actions | -11 -10 -10 -10 -9 --------- Run | Yrd Mat Min Sub Rec Total 2076 | 78 475 653 652 218 Wait 99 | . 52 35 12 . Move 1730 | 56 365 580 595 134 Hop . | . . . . . Pick Up 22 | 5 10 5 2 . Fast Attach 18 | 7 7 1 1 2 Attach 4 | . . . 1 3 Detach 4 | . 4 . . . Swap 17 | . 3 6 3 5 Drop 19 | . 6 7 4 2 Fire 123 | 10 26 17 34 36 Melee 4 | . . 2 . 2 Ram . | . . . . . Kick . | . . . . . Crush 3 | . 2 . . 1 Escape Stasis . | . . . . . Rewire 33 | . . . . 33 Trap . | . . . . . Miscellaneous . | . . . . . Route ------- -11/Scrapyard -10/Materials (discovered 3 exits: [*Mat] / [*Min x2]) -10/Mines (discovered 3 exits: [*Mat x2] / [*Sub]) -10/Subcaves (discovered 3 exits: *Mat x2 / [*Rec]) -9/Recycling History --------- Turn | Location | Event 14 | -11/Scrapyard | Discovered new exit (range 16) 132 | -11/Scrapyard | Entered Materials 241 | -10/Materials | Discovered new exit (range 14) 316 | -10/Materials | Build established: Mutant 370 | -10/Materials | Discovered new exit (range 15) 840 | -10/Materials | Discovered new exit (range 8) 903 | -10/Materials | Entered Mines 919 | -10/Mines | Joined a pair of Derelicts in attacking an 0b10 outpost 1257 | -10/Mines | Discovered new exit (range 6) 1364 | -10/Mines | Discovered new exit (range 4) 1500 | -10/Mines | Discovered new exit (range 4) 1563 | -10/Mines | Learned Materials emergency access door positions 1749 | -10/Mines | Learned location of Recycling (-9) 1779 | -10/Mines | Assisted by bots powering up and referring to "LRC-V3" 1976 | -10/Mines | Entered Subcaves 1976 | -10/Subcaves | Accompanied by 3 allies 2010 | -10/Subcaves | Identified exit to Materials 2340 | -10/Subcaves | A swath of the cavern ceiling suddenly collapsed 2593 | -10/Subcaves | Discovered exit to Materials (range 9) 2680 | -10/Subcaves | Disturbed a concealed Subdweller 3114 | -10/Subcaves | Discovered new exit (range 10) 3140 | -10/Subcaves | Entered Recycling 3438 | -9/Recycling | Core integrity fell below 50% 3467 | -9/Recycling | Core integrity fell below 20% 3472 | -9/Recycling | Destroyed by Y-45 Defender with Heavy Assault Rifle Last Messages --------------- Defender. 03436_ Y-45 Defender destroyed. 03437_ R-06 Scavenger collects Imp. Aluminum Leg. 03437_ R-06 Scavenger collects Shock Rifle. 03440_ R-06 Scavenger collects Hvy. Assault Rifle. 03441_ Com. Wheel destroyed. 03443_ Scavenger 2a destroyed. 03443_ P-60 Hacker suffers critical hit (Destroy). 03443_ Destroyed Shock Rifle. 03443_ R-06 Scavenger collects Core Shielding. 03447_ R-06 Scavenger collects Heat Sink. 03449_ Destroyed Gravmag System. 03451_ P-60 Hacker destroyed. 03451_ Battle Rifle destroyed. 03454_ Com. Wheel destroyed. 03463_ Beamcaster destroyed. 03463_ Critical hit (Burn: +37). Map ----- +----------------------------------------------------+ | | | | | | | | | | | ???????????????????????????????????????? | | ???????????????????????????????????????? | | ???????????????????????????????????????? | | ???????????????????????????????????????? | | ???????????????????????????????????????? | | ???????????????????????????????????????? | | ???????????????????????????????????????? | | ???????????????????????????????????????? | | ???????????????????????????????????????? | | ???????????????????????????????????????? | | ???????????????????????????????????????? | | ???????????????????????????????????????? | | ??????????????###??????????????????????? | | ?????????????? %??????????????????????? | | ?????????????? ! ??????????????????????? | | ?????????????? %??????????????###?????? | | ??????????????=%!?????????????##%####### | | ??????????????#+#??#+#????????#! | | ??????????????#*#??# #????????# | | ????????????###%#### ##???????# | | ???????????## #@== #???????# | | ???????????+ [% #####???# | | ???????????#!=Y%% t #!!!#???# | | ???????????#=% | #!!!##### | | ?????????? ; !% % " | | ?????????gu# % #######+##+#### | | ????????#### #?????# = %#??? | | ???????????# #?????# =*=#??? | | ???????????# #?????# #??? | | ??????????## ####### #??? | | ?????????+ #??? | | ?????????## #### | | ??????????# | | ??????????# # | | ??????????# # | | ??????????# """ """ # | | ??????????# """"" """"" # | | ??????????# """"" """"" # | | ??????????# "T" """"" """"" # | | ??????????? """ """ """ # | | ?????????????? ? ? + | | ????????????? ?? ? # | | ????????????? ?? #### # | | ????????????? ##??#+???? + | | ??????????????? ?????????? # | +----------------------------------------------------+ Best States ------------- Heat Dissipation 47 Energy Generation 14 Energy Capacity 250 Matter Stores 300 Matter Capacity 350 Sight Range 16 Robot Scan Range 14 Terrain Scan Density 10 Armor Coverage 225 Propulsion Shielding 33 Evasion (%) 40 Recoil Reduction 2 Item Schematics ----------------- None Robot Schematics ------------------ None Fabricated ------------ Nothing Repaired ---------- Nothing Studied --------- None Alien Tech Used ----------------- None Achievements -------------- None Challenges ------------ None Game ------ Seed ZioniteBoreRocket Manual? 0 Play Time 00:30:29 Cumulative 25.3 hours Start 2026.04.24 @ 20:01:42 End 2026.04.24 @ 20:32:33 Sessions 1 Manual Loads 0 Difficulty Rogue Special Mode None Game No. 22 Rogue 22 Adventurer 0 Explorer 0 Win Type - Total 0 Types 0/0/0/0/0/0/0/0/0/0 Lore% 13 Gallery% 21 Achievement% 15 Wizard Run 0 Options --------- Layout 1 ASCII 0 Keyboard 0 Movement Mouse Keybinds 0 Fullscreen 2 Font 32/SmallcapsGlow Map View 50x35 Zoom Use 0% Tactical HUD 1 Map Filters NONE Filters NONE Steam 1 RUN: 9e0e3b08-907a-4ea1-bfee-8ff5e6ff3361